 Dungeon Crawl Stone Soup version 0.25.0-46-gbd7b0854d2 (webtiles) character file.

Game seed: 12902308239279772380

2797 GameOver the Covert (level 9, -3/73 HPs)
             Began as a Naga Wizard on July 17, 2020.
             Was an Initiate of Kikubaaqudgha.
             Slain by pupurumpum's ghost (8 damage)
             ... on level 7 of the Dungeon.
             The game lasted 00:41:54 (7561 turns).

GameOver the Covert (Naga Wizard)                   Turns: 7561, Time: 00:41:55

Health: -3/73      AC:  7    Str:  9    XL:     9   Next: 71%
Magic:  13/13      EV:  9    Int: 22    God:    Kikubaaqudgha [......]
Gold:   652        SH:  5    Dex: 10    Spells: 5/14 levels left

rFire    . . .     SeeInvis +   s - +2 trident (freeze)
rCold    . . .     Gourm    .   y - +2 buckler {reflect}
rNeg     . . .     Faith    .   p - +0 robe "Wesu Zee" {Regen+}
rPois    +         Spirit   .   b - +1 hat
rElec    .         Reflect  +   g - +0 cloak
rCorr    .         Harm     .   z - +0 pair of gloves
MR       +....                  (no barding)
Stlth    ++++......             (no amulet)
HPRegen  0.62/turn              (no ring)
MPRegen  0.13/turn              (no ring)

@: mighty, very slow
A: large, see invisible, deformed body, poison resistance, slowness 2, slow
metabolism 1, spit poison 1, AC +3
a: Spit Poison, Renounce Religion


You were on level 7 of the Dungeon.
You worshipped Kikubaaqudgha.
Kikubaaqudgha was noncommittal.
You were hungry.

You visited 2 branches of the dungeon, and saw 8 of its levels.
You also visited: Bailey.

You collected 904 gold pieces.
You spent 252 gold pieces at shops.

Inventory:

Hand Weapons
 a - the cursed +2 halberd of Dishonour {vorpal, rPois MP+9 Dex+2, unknown}
   (You found it on level 7 of the Dungeon)

   It inflicts extra damage upon your enemies.
   It affects your dexterity (+2).
   It protects you from poison.
   It affects your magic capacity (+9).
   It has a curse placed upon it.
 s - a +2 trident of freezing (weapon)
 t - a +2 trident of venom
 B - a +4 halberd
Missiles
 i - 5 throwing nets (quivered)
 l - 59 sling bullets
Armour
 b - a +1 hat (worn)
 g - a +0 cloak (worn)
 p - the +0 robe "Wesu Zee" (worn) {Regen+}
   (You found it on level 7 of the Dungeon)

   It increases your rate of regeneration.
 q - a +0 leather armour
 v - a +0 kite shield
 y - a +2 buckler of reflection (worn)
 z - a +0 pair of gloves (worn)
 D - a +2 robe of magic resistance
 E - a +2 robe
Jewellery
 x - a cursed amulet of faith {unknown}
Wands
 j - a wand of flame (15)
Scrolls
 c - 4 scrolls of enchant armour
 f - a scroll of fear
 h - 4 scrolls of teleportation
 A - a scroll of acquirement {unknown}
Potions
 m - a potion of cancellation {unknown}
 n - a potion of ambrosia {unknown}
 w - a potion of flight {unknown}
 C - a potion of mutation {unknown}
Comestibles
 d - 12 rations


   Skills:
 + Level 2.3 Fighting
 * Level 5.9 Polearms
 - Level 1.5 Dodging
 - Level 9.0 Stealth
 + Level 1.9 Shields
 - Level 3.0 Spellcasting
 - Level 6.0 Conjurations
   Level 1.0 Summonings
 - Level 3.0 Translocations
 + Level 8.6 Poison Magic


You had 5 spell levels left.
You knew the following spells:

 Your Spells              Type           Power        Failure   Level  Hunger
a - Magic Dart            Conj           ####         1%          1    None
b - Blink                 Tloc           N/A          6%          2    ##.....
d - Mephitic Cloud        Conj/Pois/Air  ###.....     5%          3    ###....
f - Conjure Flame         Conj/Fire      ###.....     12%         3    ###....

Your spell library contained the following spells:

 Spells                   Type           Power        Failure   Level  Hunger
 Call Imp                 Summ           #.......     14%         2    ##.....
 Slow                     Hex            #.......     21%         2    ##.....


Dungeon Overview and Level Annotations

Branches:
Dungeon (7/15)             Temple (1/1) D:7          Bailey (visited)

Altars:
Ashenzari
Cheibriados
Elyvilon
Fedhas
Hepliaklqana
Kikubaaqudgha
Makhleb
Nemelex Xobeh
Okawaru
Qazlal
Ru
Sif Muna
Uskayaw
Vehumet
Wu Jian
Xom
Yredelemnul
Zin
The Shining One

Shops:
D:7 [

Annotations:
D:7 pupurumpum's ghost, novice CeHu


Innate Abilities, Weirdness & Mutations

You cannot wear boots.
Your serpentine skin is tough. (AC +3)
You have supernaturally acute eyesight. (SInv)
Armour fits poorly on your strangely shaped body.
Your system is resistant to poisons. (rPois)
You cover ground very slowly.
You have a slow metabolism.
You can spit poison.


Message History

Pupurumpum's ghost hits you but does no damage.
You are electrocuted!
* * * LOW HITPOINT WARNING * * *
You closely miss pupurumpum's ghost.
Pupurumpum's ghost is moderately damaged.
Pupurumpum's ghost barely misses you.
You hit pupurumpum's ghost but do no damage.
Pupurumpum's ghost is moderately damaged.
Pupurumpum's ghost hits you but does no damage.
You hit pupurumpum's ghost but do no damage.
Pupurumpum's ghost is moderately damaged.
Pupurumpum's ghost hits you!
* * * LOW HITPOINT WARNING * * *
You are electrocuted!
* * * LOW HITPOINT WARNING * * *
You hit pupurumpum's ghost but do no damage.
Pupurumpum's ghost is moderately damaged.
Pupurumpum's ghost hits you!
You die...
Kikubaaqudgha rasps: "You have failed me!
Welcome... death!"

#.##.............
#.########.).....
#.# #........ #.#
#..)..... #.#
#.)∩).... ###.#
#........ #...#
#.....#.. #.#####
###...... #.@#.P#
####.#. #..W(8#
#... ##.#$P# #...
###### #... #...
#... #... #...
####


You could see pupurumpum's ghost.

Vanquished Creatures
  Sigmund (D:3)
  Eustachio (D:4)
  An orc warrior (D:5)
  3 phantoms
  An ice beast (D:5)
  A sky beast (D:5)
  An ogre (D:4)
  4 centaurs
  8 gnoll sergeants (Bailey)
  2 howler monkeys
  A bullfrog zombie (D:7)
  2 centaur skeletons
  2 orc priests (D:4)
  4 hounds
  A quasit (D:6)
  A jelly (D:6)
  4 orc wizards
  6 gnoll shamans (Bailey)
  Ijyb (D:4)
  A killer bee zombie (D:6)
  2 worker ants
  A hound skeleton (D:6)
  7 adders
  14 gnolls (Bailey)
  An ooze (D:5)
  An adder zombie (D:6)
  An adder skeleton (D:5)
  A worm (D:2)
  3 dart slugs
  4 leopard geckos
  9 orcs
  2 ball pythons
  7 bats
  3 giant cockroaches
  8 goblins
  7 hobgoblins
  6 jackals
  14 kobolds
  2 quokkas
  A ball python zombie (D:6)
  4 frilled lizards
  A leopard gecko zombie (D:5)
  7 rats
152 creatures vanquished.

Notes
Turn   | Place    | Note
-------+----------+-------------------------------------------
     0 | D:1      | GameOver the Naga Wizard began the quest for the Orb.
     0 | D:1      | Reached XP level 1. HP: 15/15 MP: 4/4
   100 | D:1      | Reached XP level 2. HP: 22/22 MP: 3/6
   358 | D:1      | Reached XP level 3. HP: 27/28 MP: 2/7
  1288 | D:2      | Reached XP level 4. HP: 34/36 MP: 3/8
  1520 | D:2      | Found a blossoming altar of Fedhas.
  1520 | D:2      | Found a burning altar of Makhleb.
  1521 | D:2      | Found a white marble altar of Elyvilon.
  1522 | D:2      | Found a radiant altar of Vehumet.
  1522 | D:2      | Found a basalt altar of Yredelemnul.
  1522 | D:2      | Found an iron altar of Okawaru.
  1967 | D:3      | Noticed Sigmund
  1976 | D:3      | Learned a level 2 spell: Blink
  1980 | D:3      | Learned a level 3 spell: Mephitic Cloud
  2234 | D:3      | Killed Sigmund
  2234 | D:3      | Reached skill level 4 in Stealth
  2234 | D:3      | Reached skill level 5 in Conjurations
  2234 | D:3      | Reached XP level 5. HP: 42/42 MP: 1/9
  2234 | D:3      | Reached XP level 6. HP: 49/49 MP: 1/10
  2542 | D:4      | Learned a level 3 spell: Conjure Flame
  2583 | D:4      | Noticed Eustachio
  2590 | D:4      | Killed Eustachio
  2590 | D:4      | Reached skill level 5 in Stealth
  2642 | D:4      | Noticed Ijyb
  2655 | D:4      | Reached XP level 7. HP: 30/55 MP: 3/11
  2665 | D:4      | Killed Ijyb
  2673 | D:4      | Reached skill level 6 in Stealth
  3086 | D:4      | Got an ancient scale mail
  3323 | D:4      | Found a hazy altar of Hepliaklqana.
  3500 | D:5      | Entered Level 5 of the Dungeon
  3526 | D:5      | Reached skill level 1 in Polearms
  3633 | D:5      | Reached skill level 7 in Stealth
  3633 | D:5      | Reached skill level 5 in Poison Magic
  3633 | D:5      | Reached XP level 8. HP: 60/62 MP: 6/12
  4312 | D:5      | Identified the +3 scale mail of the Trombone {Harm} (You
                  | found it on level 4 of the Dungeon)
  4391 | D:5      | Reached skill level 8 in Stealth
  5214 | D:6      | Reached skill level 9 in Stealth
  5285 | D:6      | Found a shimmering altar of Xom.
  5340 | D:6      | Reached XP level 9. HP: 53/68 MP: 0/13
  6050 | D:7      | Got a crude robe
  6144 | D:7      | Found Gusuo's Armour Emporium.
  6147 | D:7      | Bought a +2 buckler of reflection for 203 gold pieces
  6147 | D:7      | Bought a +0 pair of gloves for 49 gold pieces
  6160 | D:7      | Identified the +0 robe "Wesu Zee" {Regen+} (You found it on
                  | level 7 of the Dungeon)
  6231 | D:7      | Found a flagged portal.
  6242 | D:7      | Got an ancient halberd
  6248 | Bailey   | Entered a bailey
  6357 | Bailey   | Reached skill level 1 in Fighting
  6359 | Bailey   | Reached skill level 5 in Polearms
  6359 | Bailey   | Reached skill level 1 in Shields
  7165 | D:7      | Found a staircase to the Ecumenical Temple.
  7260 | D:7      | Found a runed translucent door.
  7260 | D:7      | Noticed pupurumpum's ghost (novice CeHu)
  7313 | Temple   | Entered the Ecumenical Temple
  7467 | Temple   | Became a worshipper of Kikubaaqudgha
  7561 | D:7      | Slain by pupurumpum's ghost

Illustrated notes

Levels and vault maps discovered:
D:1:      ebering_trefoil_twist, layout_loops_ring
D:2:      layout_basic, grunt_temple_overflow_open,
          chequers_serial_rivers_micro_d
D:3:      layout_basic, first_ration, uniq_sigmund
D:4:      layout_basic, lemuel_round_altar, uniq_eustachio, uniq_ijyb
D:5:      layout_rooms
D:6:      layout_loops_ring, xom_teletrap_fun
D:7:      minmay_klotski, layout_rooms, temple_hall, gammafunk_ghost_grave,
          serial_shops, kennysheep_mini_moat, enter_bailey_2
Temple:   minmay_temple_curvy_loop

Skill      XL: |  1  2  3  4  5  6  7  8  9 |
---------------+----------------------------+-----
Conjurations   | 2 3 5 6 |  6.0
Stealth        | 4 5 7 9 |  9.0
Poison Magic   | 2 3 5 7 8 |  8.6
Polearms       | 1 4 5 |  5.9
Translocations | 2 3 |  3.0
Fighting       | 2 |  2.3
Shields        | 1 |  1.9
Dodging        | |  1.5
Spellcasting   | |  3.0
Summonings     | |  1.0

Action                   |  1- 3 |  4- 6 |  7- 9 || total
-------------------------+-------+-------+-------++-------
Melee: Short sword       |     4 |    26 |    15 ||    45
       Trident           |       |       |   185 ||   185
       Flail             |       |       |    24 ||    24
 Cast: Magic Dart        |    52 |    28 |   116 ||   196
       Mephitic Cloud    |       |     6 |    28 ||    34
       Conjure Flame     |       |       |     5 ||     5
       Blink             |       |       |     1 ||     1
 Abil: Spit Poison       |    21 |    25 |    56 ||   102
  Use: Potion            |       |     2 |     6 ||     8
       Scroll            |       |       |    11 ||    11
 Stab: Confused          |       |     3 |     9 ||    12
       Sleeping          |       |     1 |     2 ||     3
  Eat: Chunk             |       |     6 |    16 ||    22
       Ration            |       |       |     1 ||     1
Armor: Robe              |     4 |     7 |    35 ||    46
       Skin              |       |       |    21 ||    21
Dodge: Dodged            |    14 |    25 |    83 ||   122
Block: Buckler           |       |       |    17 ||    17
